 Dungeon Crawl Stone Soup version 0.29-a0-813-g4a14ea37d6 (webtiles) character file.

Game seed: 4437437639847295460

8611 avis the Skirmisher (level 10, -4/90 HPs)
             Began as a Demigod Ice Elementalist on July 4, 2022.
             Succumbed to a green death's bolt of poison
             ... in a Gauntlet.
             The game lasted 02:01:27 (11932 turns).

avis the Skirmisher (Demigod Ice Elementalist)     Turns: 11932, Time: 02:01:28

Health: -4/90      AC: 20    Str:  9    XL:     10   Next: 88%
Magic:  17/17      EV: 22    Int: 20    God:
Gold:   283        SH:  0    Dex: 26    Spells: 8/15 levels left

rFire   . . .      SeeInvis .   a - +0 flail (protect)
rCold   + + .      Faith    .   (no shield)
rNeg    . . .      Spirit   .   I - +2 robe {Archmagi}
rPois   +          Reflect  .   l - +1 helmet {Int+3}
rElec   +          Harm     .   v - +0 cloak
rCorr   +          Rampage  .   (no gloves)
Will    +....      Archmagi +   A - +2 pair of boots
Stlth   +++....... NoTele   +   c - amulet of magic regeneration
HPRegen 0.25/turn               V - +4 ring of evasion
MPRegen 0.55/turn               s - ring of ice

@: lethally poisoned (-4 -> -59), ice-armoured, resistant, studying Armour
A: high MP 1, forlorn, divine attributes
a: no special abilities


You were in a Gauntlet.
You visited 3 branches of the dungeon, and saw 11 of its levels.
You also visited: Sewer and Gauntlet.

You collected 374 gold pieces.
You spent 91 gold pieces at shops.

Inventory:

Hand Weapons
 a - a +0 flail of protection (weapon)
 b - a +1 longbow
 d - a +3 dagger
 i - a +2 whip of electrocution
 w - the +5 war axe of Disintegration {freeze, rF- rN+ Str+4 Dex+3}
   (You found it on level 5 of the Dungeon)

   It freezes those it strikes, dealing additional cold damage.
   It can also slow down cold-blooded creatures.
   Str:       It affects your strength (+4).
   Dex:       It affects your dexterity (+3).
   rF:        It makes you vulnerable to fire.
   rN:        It protects you from negative energy.
 x - a +1 dagger of chaos
 z - a +0 flail of draining
 H - a +2 flail of holy wrath
Missiles
 y - 30 poisoned darts (quivered)
 C - a throwing net
 F - 5 atropa-tipped darts
Armour
 f - a +0 robe
 g - an orb of wrath
 l - a +1 helmet of intelligence (worn)
 m - a +2 robe of willpower
 n - a +2 pair of boots of flying
 r - a +1 helmet
 v - a +0 cloak (worn)
 A - a +2 pair of boots (worn)
 I - a +2 robe of the Archmagi (worn)
 J - a +0 kite shield
Jewellery
 c - an amulet of magic regeneration (around neck)
 h - the amulet of Neamotil {*Slow Regen+ Int+5 Dex+9}
   (You found it on level 2 of the Lair of Beasts)

   [amulet of regeneration]

   Int:       It affects your intelligence (+5).
   Dex:       It affects your dexterity (+9).
   Regen:     It increases your rate of health regeneration.
   *Slow:     It may slow you when you take damage.
 p - a +6 ring of intelligence
 q - an amulet of the acrobat
 s - a ring of ice (right hand)
 S - a ring of wizardry
 V - a +4 ring of evasion (left hand)
Wands
 u - a wand of iceblast (10)
 M - a wand of mindburst (17)
Scrolls
 e - 4 scrolls of fear
 K - 2 scrolls of fog
 O - 3 scrolls of teleportation
Potions
 j - 6 potions of might
 k - a potion of resistance
 o - 3 potions of cancellation
 t - 2 potions of brilliance
 B - 3 potions of haste
 E - a potion of magic
 G - a potion of invisibility {unknown}
 L - 3 potions of ambrosia
 U - 2 potions of berserk rage
 Y - 2 potions of lignification


   Skills:
 * Level 8.4 Fighting
 - Level 10.0 Ranged Weapons
 - Level 5.0 Armour
 - Level 7.0 Dodging
 - Level 2.0 Stealth
 - Level 3.0 Spellcasting
 - Level 5.0 Ice Magic


You had 8 spell levels left.
You knew the following spells:

 Your Spells              Type           Power      Damage    Failure   Level
a - Freeze                Ice            100%       1d11      1%          1
o - Ozocubu's Armour      Ice            51%        N/A       5%          3
r - Frozen Ramparts       Ice            100%       1d12      5%          3

Your spell library contained the following spells:

 Spells                   Type           Power      Damage    Failure   Level
 Blink                    Tloc           8%         N/A       22%         2
 Conjure Flame            Conj/Fire      4%         6-21      38%         3
 Ignite Poison            Fire/Tmut/Pois 4%         N/A       38%         3
 Portal Projectile        Hex/Tloc       8%         N/A       38%         3
 Tukima's Dance           Hex            4%         N/A       38%         3
 Hailstorm                Conj/Ice       29%        3d8       45%         4
 Animate Dead             Necr           4%         N/A       80%         4
 Sticky Flame             Conj/Fire      4%         2d3       80%         4
 Blade Hands              Tmut           2%         N/A       98%         5
 Manifold Assault         Tloc           4%         N/A       98%         5
 Haunt                    Necr/Summ      2%         N/A       100%        7
 Storm Form               Tmut/Air       2%         N/A       100%        7
 Infestation              Necr           2%         N/A       100%        8


Dungeon Overview and Level Annotations

Branches:
Dungeon (8/15)             Temple (1/1) D:7            Lair (2/6) D:8
  Sewer (visited)         Gauntlet (1/1)
  Swamp: Lair:2-4    Shoals: Lair:2-4     Snake: Lair:2-4    Spider: Lair:2-4

Shops:
D:4 (   D:5 :   D:8 :

Annotations:
D:7 2 transporters, avis's ghost, novice KoHu Gauntlet 6 transporters


Innate Abilities, Weirdness & Mutations

You have an increased reservoir of magic. (+10% MP)
You shall have no god before yourself.
Your divine heritage dramatically boosts your attributes as you level up.


Message History

Your +0 flail of protection hums with potential!
a - a +0 flail of protection (weapon)
You are engulfed in poison gas.
You are more poisoned.
You feel very sick. The green death gestures at you.
The bolt of poison hits you!
You are more poisoned.
You hit the green death but do no damage.
Your weapon exudes an aura of protection.
You are engulfed in poison gas.
You are more poisoned.
You feel extremely sick. The green death barely misses you.
Unknown command.
You hit the green death but do no damage.
You are engulfed in poison gas.
You are lethally poisoned!
You feel extremely sick. The green death hits you.
Unknown command.
You are confused.
You feel invigorated.
* * * LOW HITPOINT WARNING * * *
You feel extremely sick.
The green death hits you but does no damage.
* * * LOW HITPOINT WARNING * * *
You feel extremely sick.
The glowing orange brain turns its attention towards you.
The green death gestures at you. The poison arrow hits you!
You are more poisoned.
* * * LOW HITPOINT WARNING * * *
* * * LOW HITPOINT WARNING * * *
You feel extremely sick. The green death gestures at you.
The bolt of poison hits you but does no damage.
You are more poisoned.
You feel protected.
You feel less invigorated.
You feel less confused.
You die...

##..#########..##
.#..#.......#..≈#
.#..#.###.#.#..## #
.####..#.^..#..≈# .#
##©©##.#©#.©#..## .# .
.#####.^.#..#..≈# ..##.#
##..###.###[#..###.....#
§#..#......4#..#....#
##..#########..#@.°.#
.............∩.#.2..#
...............#.......#
..###########..#©...##.#
..#uG.....^.#..#....# .
..#..P..PP^.#.§###..#
..#..#..P#PG#..≈* ...
***,^PP,P...#..** ..##
©©*,,,,©,P,©*,,≈*


You could see a green death, a glowing orange brain and an orange demon.

Vanquished Creatures
  Pikel (D:4)
  A cyclops (D:8)
  A cane toad (Lair:2)
  Psyche (D:8)
  3 komodo dragons
  Grinder (D:6)
  2 centaur simulacra (Gauntlet)
  2 wyverns (D:8)
  A ynoxinul (Gauntlet)
  Eustachio (D:4)
  A basilisk (D:8)
  12 yaks
  A vampire mosquito (D:6)
  An acid dragon (D:8)
  A water moccasin (Lair:1)
  3 black bears
  Duvessa (D:5)
  An orc warrior (D:6)
  2 ice beasts
  A sky beast (D:8)
  A centaur (D:4)
  A lemure (D:4)
  2 kobold brigands
  6 bullfrogs
  6 scorpions
  A necrophage (D:5)
  Dowan (D:5)
  An electric eel (Lair:1)
  A killer bee (D:6)
  3 howler monkeys
  3 hounds
  3 iron imps (Gauntlet)
  A wyvern simulacrum (Gauntlet)
  4 jellies
  4 orc priests
  2 gnoll boudas (D:8)
  11 orc wizards
  A boggart simulacrum (Gauntlet)
  11 gnolls (D:8)
  A river rat (D:6)
  5 adders
  2 shadow imps
  A white imp (D:6)
  An ufetubus (D:6)
  3 worms
  5 dart slugs
  22 orcs
  9 endoplasms
  5 giant cockroaches
  6 goblins
  10 hobgoblins
  2 jackals (D:4)
  12 kobolds
  6 quokkas
  3 training dummies (D:4)
  14 ball pythons
  8 bats
  10 frilled lizards
  14 rats
240 creatures vanquished.

Vanquished Creatures (others)
  15 demonic plants (Gauntlet)
  5 fungi
  18 plants
38 creatures vanquished.

Grand Total: 278 creatures vanquished

Notes
Turn   | Place    | Note
-------+----------+-------------------------------------------
     0 | D:1      | avis the Demigod Ice Elementalist began the quest for the
                  | Orb.
     0 | D:1      | Reached XP level 1. HP: 14/14 MP: 5/5
   150 | D:1      | Reached skill level 1 in Fighting
   260 | D:1      | Reached XP level 2. HP: 23/23 MP: 4/7
  1880 | D:2      | Reached XP level 3. HP: 29/29 MP: 8/8
  1884 | D:2      | Learned a level 3 spell: Ozocubu's Armour
  2525 | D:3      | Reached XP level 4. HP: 36/36 MP: 9/9
  2529 | D:3      | Learned a level 3 spell: Frozen Ramparts
  2985 | D:4      | Reached skill level 1 in Armour
  2985 | D:4      | Reached skill level 1 in Ranged Weapons
  3058 | D:4      | Found Abiunof's Firing Range.
  3075 | D:4      | Reached XP level 5. HP: 41/41 MP: 10/10
  3126 | D:4      | Reached skill level 2 in Ranged Weapons
  3244 | D:4      | Noticed Pikel
  3260 | D:4      | Killed Pikel
  3261 | D:4      | Reached skill level 4 in Ranged Weapons
  3261 | D:4      | Reached XP level 6. HP: 38/52 MP: 3/11
  3261 | D:4      | Reached XP level 7. HP: 42/58 MP: 3/13
  4079 | D:5      | Entered Level 5 of the Dungeon
  4084 | D:5      | Noticed Eustachio
  4264 | D:4      | Reached skill level 5 in Fighting
  4359 | D:4      | Killed Eustachio
  4530 | D:5      | Identified the +5 war axe of Disintegration {freeze, rF-
                  | rN+ Str+4 Dex+3}
  4755 | D:5      | Found Rumom's Book Boutique.
  4770 | D:5      | Identified the +0 scale mail of Niteg {+Inv}
  4842 | D:5      | Noticed Dowan
  4923 | D:5      | Noticed Duvessa
  4935 | D:5      | Killed Duvessa
  4936 | D:5      | Reached skill level 5 in Dodging
  4936 | D:5      | Reached XP level 8. HP: 61/68 MP: 7/15
  4939 | D:5      | Killed Dowan
  5157 | D:4      | Bought a +0 longbow for 91 gold pieces
  5284 | D:5      | Reached skill level 5 in Ranged Weapons
  5546 | D:5      | Noticed a moth of wrath
  5984 | D:6      | Reached skill level 6 in Ranged Weapons
  6210 | D:6      | Found a glowing drain.
  6214 | Sewer    | Entered a sewer
  6548 | Sewer    | Reached skill level 5 in Ice Magic
  6795 | D:6      | Noticed Grinder
  6810 | D:6      | Killed Grinder
  6811 | D:6      | Reached XP level 9. HP: 42/75 MP: 7/16
  7056 | D:6      | Reached skill level 7 in Ranged Weapons
  7710 | D:7      | Found a staircase to the Ecumenical Temple.
  7719 | Temple   | Entered the Ecumenical Temple
  7798 | D:7      | Noticed avis's ghost (novice KoHu)
  7798 | D:7      | Noticed a skeletal warrior
  7798 | D:7      | Found a transporter.
  7823 | D:7      | Noticed a gargoyle
  8110 | D:7      | Found a transporter.
  8239 | D:7      | Reached skill level 8 in Ranged Weapons
  9501 | D:8      | Found Muhy's Book Boutique.
  9523 | D:8      | Noticed Psyche
  9543 | D:8      | Killed Psyche
  9823 | D:8      | Noticed a cyclops
  9830 | D:8      | Killed a cyclops
 10155 | D:8      | Noticed a komodo dragon
 10158 | D:8      | Reached XP level 10. HP: 82/86 MP: 15/17
 10167 | D:8      | Reached skill level 9 in Ranged Weapons
 10315 | D:8      | Found a staircase to the Lair.
 10609 | Lair:1   | Entered Level 1 of the Lair of Beasts
 10628 | Lair:1   | HP: 3/86 [yak (7)]
 10640 | Lair:1   | Reached skill level 10 in Ranged Weapons
 11220 | Lair:1   | Identified a scroll of acquirement
 11220 | Lair:1   | Acquired a manual of Armour
 11361 | Lair:1   | You fall into a shaft and drop 1 floor!
 11364 | Lair:2   | Identified the amulet of Neamotil {*Slow Regen+ Int+5
                  | Dex+9}
 11450 | Lair:2   | Found a gate leading to a gauntlet.
 11459 | Gauntlet | Entered a Gauntlet
 11459 | Gauntlet | Noticed a tengu warrior
 11459 | Gauntlet | Found a transporter.
 11459 | Gauntlet | Found a transporter.
 11480 | Gauntlet | Found a transporter.
 11481 | Gauntlet | Found a transporter.
 11486 | Gauntlet | Noticed a moth of wrath
 11496 | Gauntlet | Found a transporter.
 11499 | Gauntlet | Found a transporter.
 11505 | Gauntlet | Noticed a glowing orange brain
 11506 | Gauntlet | Noticed a brown ugly thing
 11508 | Gauntlet | Noticed a glowing orange brain
 11515 | Gauntlet | Found a transporter.
 11531 | Gauntlet | Noticed a green death
 11534 | Gauntlet | Found a transporter.
 11537 | Gauntlet | Found a transporter.
 11540 | Gauntlet | Found a transporter.
 11548 | Gauntlet | Found a transporter.
 11551 | Gauntlet | Found a transporter.
 11621 | Gauntlet | Found a transporter.
 11629 | Gauntlet | Found a transporter.
 11632 | Gauntlet | Found a transporter.
 11647 | Gauntlet | Found a transporter.
 11665 | Gauntlet | Reached skill level 5 in Armour
 11931 | Gauntlet | HP: 4/90 [poisoned by a green death (poison arrow)]
 11932 | Gauntlet | Succumbed to a green death's bolt of poison

Illustrated notes

Levels and vault maps discovered:
D:1:      amcnicky_arrival_wind_blow, layout_basic,
          chequers_ecumenical_altar_twisty, hangedman_decor_push
D:2:      layout_loops_ring
D:3:      layout_rooms, vehumet_crystals
D:4:      layout_cave_pools, nicolae_hepliaklqana_ecumenical_no_more,
          minmay_door_square, nicolae_shop_firing_range, uniq_pikel
D:5:      layout_basic, lemuel_round_altar, tgw_trog, serial_shops,
          nicolae_shop_crystal, uniq_duvessa, uniq_eustachio
D:6:      hangedman_cross_stitches, layout_cave_pools,
          lemuel_coloured_pillars_altar, tso_altar, kennysheep_orc_sif_temple,
          mainiacjoe_overflow_swirl, gup_sewer_entry_bowl, uniq_grinder
D:7:      layout_loops_ring, cheibrodos_worm_habitat,
          mainiacjoe_overflow_24_doors, minmay_temple_entry_crystal_x,
          gammafunk_ghost_arena
D:8:      layout_loops_corners, erik_lair_dragon, serial_shops, shop,
          nicolae_hexahallways, minmay_misc_feat_tiny, grunt_ministairs_4,
          minmay_microvault, uniq_psyche
Temple:   hellmonk_temple_beads
Lair:1:   wander_river, layout_chaotic_city, serial_bayou_lagoon_a
Lair:2:   layout_regular_city, gauntlet_entry_generic
Gauntlet: minmay_gauntlet_mixed_big_or_small
          [gammafunk_gauntlet_arena_arrow_garden,
          minmay_gauntlet_arena_77_mirror, gammafunk_gauntlet_arena_mazey,
          minmay_gauntlet_arena_77_radiant_squares,
          gammafunk_gauntlet_arena_hedges,
          minmay_gauntlet_arena_77_broken_ladder, gauntlet_exit_watery]

Skill      XL: |  1  2  3  4  5  6  7  8  9 10 |
---------------+-------------------------------+-----
Dodging        | 2 3 4 5 6 7 |  7.0
Fighting       | 1 2 3 5 6 7 8 |  8.4
Stealth        | 2 |  2.0
Spellcasting   | 2 3 |  3.0
Ice Magic      | 4 5 |  5.0
Armour         | 1 3 5 |  5.0
Ranged Weapons | 1 4 6 8 10 | 10.0

Action                   |  1- 3 |  4- 6 |  7- 9 | 10-12 || total
-------------------------+-------+-------+-------+-------++-------
Melee: Dagger            |     3 |    16 |       |       ||    19
       Punch             |       |     1 |     2 |     4 ||     7
       Whip              |       |       |    12 |       ||    12
       War axe           |       |       |    10 |    49 ||    59
       Flail             |       |       |    11 |    80 ||    91
 Fire: Sling             |    30 |    39 |    22 |       ||    91
       Shortbow          |       |       |    68 |       ||    68
       Longbow           |       |       |   266 |    51 ||   317
Throw: Dart              |       |     7 |     5 |       ||    12
 Cast: Freeze            |    49 |    20 |   137 |    12 ||   218
       Ozocubu's Armour  |       |     5 |    61 |     9 ||    75
  Use: Potion            |       |     1 |     2 |    11 ||    14
       Scroll            |       |       |    15 |     7 ||    22
 Stab: Sleeping          |     2 |       |       |       ||     2
Armor: Robe              |     2 |    18 |   189 |   106 ||   315
Dodge: Dodged            |    27 |    27 |   307 |   336 ||   697

Table legend: (Time is in decaauts)
 A = Elapsed time spent in this place.
 B = Non-inter-level travel time spent in this place.
 C = Inter-level travel time spent in this place.
 D = Time resting spent in this place.
 E = Time spent auto-exploring this place.
 F = Levels seen in this place.
 G = Mean time per level.
                   A        B        C        D        E       F      G
               +--------+--------+--------+--------+--------+-----+--------+
         Total |  12169 |  11323 |    846 |   3942 |   4191 |  13 |  936.1 |
       Dungeon |  10496 |   9652 |    844 |   3220 |   4122 |   8 | 1312.0 |
        Temple |     46 |     45 |      1 |      0 |      0 |   1 |   46.0 |
          Lair |    590 |    590 |      0 |    318 |     43 |   2 |  295.0 |
         Sewer |    533 |    533 |      0 |    266 |     26 |   1 |  533.0 |
      Gauntlet |    503 |    503 |      0 |    138 |      0 |   1 |  503.0 |
               +--------+--------+--------+--------+--------+-----+--------+

Top non-repeatable levels by time:
     D:8: 2230 daAuts
     D:4: 1678 daAuts
     D:1: 1419 daAuts
     D:5: 1384 daAuts
     D:6: 1349 daAuts
     D:7: 906 daAuts
     D:2: 778 daAuts
     D:3: 749 daAuts
   Sewer: 533 daAuts
Gauntlet: 503 daAuts
  Lair:1: 490 daAuts
  Lair:2: 100 daAuts
  Temple: 46 daAuts
